Cogmind - Beta 13 @@@ ROGUE MODE // 2024.02.28 @ 00:19:33 Player: Takagiro Result: Destroyed by G-47 Trooper with Particle Gun Performance ------------- Evolutions (2) 1000 Regions Visited (5) 1000 Robots Destroyed (41) 205 Value Destroyed (1439) 1439 Prototype IDs (24) 480 Alien Tech Used (0) 0 Bonus (453) 453 TOTAL SCORE: 4577 Bonus ------- High Alert Combat Kills 153 Aligned with FarCom 300 Cogmind --------- Core Integrity 0/550 Matter 233/300 Energy 100/100 System Corruption 0% Temperature Cool (9) Movement Core (50) Location -8/Materials Parts ------- > --- POWER (1) -------- (None) > --- PROPULSION (2) --- (None) > --- UTILITY (6) ------ Advanced Visual Processing Unit Improved Signal Interpreter > --- WEAPON (2) ------- Grenade Launcher > --- INVENTORY (5) ---- Improved EM Shotgun Peak State ------------ > --- POWER ------------ Light Ion Engine > --- PROPULSION ------- Wheel > --- UTILITY ---------- Advanced Visual Processing Unit Improved Signal Interpreter Particle Charger Improved Weapon Shielding Hacking Suite > --- WEAPON ----------- Firepult > --- INVENTORY -------- Improved EM Shotgun Particle Gun Particle Gun Particle Gun Grenade Launcher [Rating: 38] Favorites ----------- Power Ion Engine Engine Ion Engine Propulsion Light Treads Treads Light Treads Leg Aluminum Leg Wheel Wheel Utility Hacking Suite Device Sensor Array Storage High-capacity Storage Unit Processor Advanced Visual Processing Unit Hackware Hacking Suite Protection Improved Weapon Shielding Weapon Assault Rifle Energy Gun EM Pulse Gun Energy Cannon Guided Plasma Cannon Ballistic Gun Assault Rifle Launcher Grenade Launcher Special Melee Weapon Datajack Build | -11 -10 -10 -10 -9 -8 ------- Run | Yrd Mat Min Exi Min Mat Slots Evolved 4 | . . . . . 4 Power . | . . . . . . Propulsion . | . . . . . . Utility 4 | . . . . . 4 Weapon . | . . . . . . Parts Attached 32 | 8 9 . 3 1 11 Power 4 | 1 2 . . . 1 Engine 4 | 1 2 . . . 1 Core . | . . . . . . Reactor . | . . . . . . Propulsion 5 | 3 . . . 1 1 Treads 1 | . . . . 1 . Leg 1 | 1 . . . . . Wheel 3 | 2 . . . . 1 Hover . | . . . . . . Flight . | . . . . . . Utility 9 | . 2 . 2 . 5 Device 3 | . . . 1 . 2 Storage 2 | . 1 . 1 . . Processor 2 | . . . . . 2 Hackware 1 | . 1 . . . . Protection 1 | . . . . . 1 Artifact . | . . . . . . Weapon 14 | 4 5 . 1 . 4 Energy Gun 6 | 3 1 . . . 2 Energy Cannon 2 | . . . 1 . 1 Ballistic Gun 3 | 1 2 . . . . Ballistic Cannon . | . . . . . . Launcher 2 | . 1 . . . 1 Special Weapon . | . . . . . . Impact Weapon . | . . . . . . Slashing Weapon . | . . . . . . Piercing Weapon . | . . . . . . Special Melee Weapon 1 | . 1 . . . . Unidentified Prototypes 1 | . . . . . 1 Parts Lost 15 | . 2 . . . 13 Power 3 | . 1 . . . 2 Propulsion 2 | . . . . . 2 Utility 5 | . . . . . 5 Weapon 5 | . 1 . . . 4 Highest Loss Streak 5 | . 2 . . . 5 To Critical Strikes . | . . . . . . Average Slot Usage (%) 58 | . 35 57 61 84 50 Engine 12 | . 10 14 14 14 6 Treads 1 | . . . . 13 2 Device 4 | . . . 4 14 4 Processor 1 | . . . . . 11 Hackware 12 | . 6 14 14 14 8 Energy Cannon 5 | . . . 4 14 7 Ballistic Gun 11 | . 7 14 14 14 1 Special Melee Weapon 6 | . 6 14 9 . . Naked Turns 4 | . 4 . . . . Heaviest Build 30 | 7 8 8 18 18 30 Greatest Support 20 | 10 3 3 3 20 20 Greatest Overweight (x) 8 | 2 2 2 5 5 8 Average Overweight (x) 1 | . . 2 2 . 1 Largest Inventory Capacity 20 | 5 5 5 20 5 5 Average Capacity 5 | 5 5 5 5 5 5 Most Carried 5 | 4 5 5 5 5 5 Average Carried 4 | 1 3 5 4 4 3 Final Capacity 5 | 5 5 5 5 5 5 Final Carried 5 | 2 5 5 4 5 1 Class Distribution -------------------- 85% | Mutant 12% | Scavenger-Skirmisher Dominant Class ---------------- Mutant | -10/Materials Mutant | -10/Mines Mutant | -10/Exiles Scavenger-Skirmisher | -9/Mines Mutant | -8/Materials Resources | -11 -10 -10 -10 -9 -8 ----------- Run | Yrd Mat Min Exi Min Mat Matter Collected 643 | 280 169 . . 74 120 Remotely . | . . . . . . Salvage Created 1540 | 47 383 . . 188 922 Parts 50 | 1 17 . . 7 25 Haulers Intercepted . | . . . . . . Recyclers Shooed . | . . . . . . Parts Field Recycled . | . . . . . . Retrieved Matter . | . . . . . . Parts Self-Destructed . | . . . . . . Prevented . | . . . . . . Kills | -11 -10 -10 -10 -9 -8 ------- Run | Yrd Mat Min Exi Min Mat Combat Hostiles Destroyed 35 | 1 5 . . 4 25 Guns 7 | 1 5 . . . 1 Cannons 11 | . . . . 4 7 AOE 11 | . . . . . 11 Classes Destroyed 11 | 1 3 . . 2 5 Worker 1 | . . . . . 1 Builder 1 | . . . . . 1 Recycler 1 | . 1 . . . . Mechanic 1 | . . . . . 1 Operator 1 | . 1 . . . . Watcher 1 | . 1 . . . . Swarmer 9 | . . . . . 9 Grunt 20 | 1 5 . . 1 13 Brawler 2 | . . . . 1 1 Duelist 2 | . . . . . 2 Sentry 2 | . . . . 2 . Best Kill Streak 7 | 1 2 . . 2 7 Combat Bots Only 7 | 1 2 . . 2 7 Max Kills in Single Turn 3 | 1 1 . . 1 3 Gunslinging . | . . . . . . Exploded 2 | . . . . . 2 Melee . | . . . . . . Uniques/NPCs Destroyed . | . . . . . . Combat | -11 -10 -10 -10 -9 -8 -------- Run | Yrd Mat Min Exi Min Mat Hostile Shots Fired 130 | 6 27 . . 8 89 Missed 34 | 4 5 . . 1 24 Damage Taken 1938 | 21 326 . . 106 1485 Core 721 | 11 131 . . 14 565 Absorbed by Shields . | . . . . . . Redirected to Shielding 93 | . . . . . 93 Regen/Repaired (Parts) 125 | . 125 . . . . Core Remaining (%) 66 | 95 . . . 37 . Volleys Fired 79 | 7 30 . 1 6 35 Largest 2 | 1 1 . 1 1 2 Hottest 250 | 40 40 . 20 120 250 Shots Fired 83 | 7 30 . 2 6 38 Gun 49 | 7 30 . 2 . 10 Cannon 28 | . . . . 6 22 Launcher 6 | . . . . . 6 Special . | . . . . . . Kinetic 26 | . 21 . 2 . 3 Thermal 35 | . . . . 6 29 Explosive 6 | . . . . . 6 Electromagnetic 16 | 7 9 . . . . Robot Hit Streak 20 | 2 6 . . 11 20 Robot Miss Streak 7 | 2 3 . . . 7 Penetration Max . | . . . . . . Secondary Targets . | . . . . . . Shots Hit Robots 66 | 4 24 . . 6 32 Core Hits 71 | 2 15 . . 4 50 Critical Kills . | . . . . . . Critical Parts Destroyed . | . . . . . . Critical Strikes 1 | . . . . . 1 Burn 1 | . . . . . 1 Melee Attacks 1 | . 1 . . . . Impact . | . . . . . . Slashing . | . . . . . . Piercing . | . . . . . . Sneak Attacks . | . . . . . . Combat Hostiles . | . . . . . . Follow-up Attacks . | . . . . . . Damage Inflicted 2674 | 118 328 . . 208 2020 Guns 461 | 55 302 . . . 104 Cannons 813 | . . . . 203 610 Explosions 1385 | 63 26 . . . 1296 Melee . | . . . . . . Ramming 15 | . . . . 5 10 Kinetic 235 | . 209 . . . 26 Thermal 1804 | 63 26 . . 203 1512 Explosive 472 | . . . . . 472 Electromagnetic 148 | 55 93 . . . . Impact . | . . . . . . Slashing . | . . . . . . Piercing . | . . . . . . Highest Corruption 1 | . 1 1 1 1 . Average Corruption 1 | . 1 1 1 1 . Corruption Purged . | . . . . . . Corruption Blocked . | . . . . . . Effects 6 | . 1 . 5 . . Message Errors 1 | . 1 . . . . Heat Flow Errors 1 | . . . 1 . . Data Loss (minor) 2 | . . . 2 . . Data Loss (major) 1 | . . . 1 . . Misfires 1 | . . . 1 . . Overload Shots . | . . . . . . Overflow Damage 95 | . 20 . . 5 70 Projectiles 5 | . . . . 5 . Explosions 90 | . 20 . . . 70 Melee . | . . . . . . Knockbacks . | . . . . . . Impact . | . . . . . . Kinetic . | . . . . . . Secondary . | . . . . . . Self-Inflicted Damage 232 | . 33 . . . 199 Shots 12 | . 1 . . . 11 Rammed 5 | . . . . 1 4 Targets Rammed 5 | . . . . 1 4 Kicked . | . . . . . . Crushed . | . . . . . . Highest Temperature 861 | 6 51 . 150 347 861 Average Temperature 205 | 6 26 . 80 153 244 Received Heat Transfer 726 | 12 165 . . 27 522 Effects 22 | . . . . . 22 Shutdowns 3 | . . . . . 3 Energy Bleed 2 | . . . . . 2 Interference 4 | . . . . . 4 Matter Decay 1 | . . . . . 1 Damage (minor) 2 | . . . . . 2 Damage (major) 7 | . . . . . 7 Damage (core) 3 | . . . . . 3 Siege Activations . | . . . . . . Robots Corrupted . | . . . . . . Combat Hostiles . | . . . . . . Parts Fried 1 | . 1 . . . . Impact Corruptions . | . . . . . . Robots Melted 6 | . . . . . 6 Combat Hostiles 6 | . . . . . 6 Parts Melted 28 | . . . . 2 26 Heat Transferred 7529 | 100 50 . . 480 6899 Parts Sabotaged . | . . . . . . Parts Stolen . | . . . . . . Parts Stripped . | . . . . . . Power Chain Reactions 2 | 1 1 . . . . Alert | -11 -10 -10 -10 -9 -8 ------- Run | Yrd Mat Min Exi Min Mat Peak Influence 851 | 20 195 75 . 105 851 Initial 75 | . 13 75 . . 40 Average 207 | 1 120 75 . 80 447 Maximum Alert Level 3 | . . . . . 3 Low Security (%) 75 | 100 100 100 . 100 29 Level 1 6 | . . . . . 19 Level 2 4 | . . . . . 14 Level 3 12 | . . . . . 36 Level 4 . | . . . . . . Level 5 . | . . . . . . High Security . | . . . . . . Max Security . | . . . . . . Squads Dispatched 8 | . 1 . . . 7 Investigation 2 | . 1 . . . 1 Extermination . | . . . . . . Reinforcement 3 | . . . . . 3 Assault 1 | . . . . . 1 Garrison 2 | . . . . . 2 Intercept . | . . . . . . Searches Triggered . | . . . . . . Construction Impeded 2 | . . . . . 2 Haulers Reinforced . | . . . . . . Active Scanning Responses . | . . . . . . Cargo Convoy Interrupts . | . . . . . . Stealth | -11 -10 -10 -10 -9 -8 --------- Run | Yrd Mat Min Exi Min Mat Distress Signals 1 | . . . . . 1 Communications Jammed . | . . . . . . Distress Signals . | . . . . . . Times Spotted 41 | 1 7 . . 3 30 Peak Tracking Total 6 | 1 2 . . 2 6 Tactical Retreats 1 | . . . . . 1 Traps | -11 -10 -10 -10 -9 -8 ------- Run | Yrd Mat Min Exi Min Mat Traps Triggered 1 | . . . . . 1 Indirectly . | . . . . . . Trap Hack Attempts . | . . . . . . Triggered . | . . . . . . Disarmed . | . . . . . . Reprogrammed . | . . . . . . Reused . | . . . . . . Traps Extracted . | . . . . . . Installed . | . . . . . . Triggered . | . . . . . . Machines | -11 -10 -10 -10 -9 -8 ---------- Run | Yrd Mat Min Exi Min Mat Machines Disabled 7 | . 1 . 2 . 4 Max in Single Turn 2 | . 1 . 1 . 2 Garrison Access 1 | . . . . . 1 Machines Repaired . | . . . . . . Machines Dismantled . | . . . . . . Machines Sabotaged . | . . . . . . Overloaded Fab Kills . | . . . . . . Hacking | -11 -10 -10 -10 -9 -8 --------- Run | Yrd Mat Min Exi Min Mat Machines Accessed 9 | . 3 . 5 . 1 Terminals 2 | . 2 . . . . Fabricators . | . . . . . . Repair Stations 1 | . 1 . . . . Recycling Units . | . . . . . . Scanalyzers 1 | . . . . . 1 Garrison Access . | . . . . . . Total Hacks 63 | . 11 . 50 . 2 Successful 56 | . 5 . 50 . 1 Failed 7 | . 6 . . . 1 Catastrophic . | . . . . . . Database Lockouts . | . . . . . . Manual 3 | . . . 3 . . Terminals 7 | . 7 . . . . Fabricators . | . . . . . . Repair Stations 4 | . 4 . . . . Recycling Units . | . . . . . . Scanalyzers 2 | . . . . . 2 Garrison Access . | . . . . . . Terminal Hacks 51 | . 1 . 50 . . Record 49 | . . . 49 . . Locate Traps 1 | . 1 . . . . Derelict Proto ID Bank 1 | . . . 1 . . Fabricator Hacks . | . . . . . . Repair Station Hacks 4 | . 4 . . . . Scan Component 2 | . 2 . . . . Repair 2 | . 2 . . . . Recycling Unit Hacks . | . . . . . . Scanalyzer 1 | . . . . . 1 Insert Component 1 | . . . . . 1 Garrison Access Hacks . | . . . . . . Unauthorized Hacks . | . . . . . . Terminals . | . . . . . . Fabricators . | . . . . . . Repair Stations . | . . . . . . Recycling Units . | . . . . . . Scanalyzers . | . . . . . . Garrison Access . | . . . . . . Data Cores Recovered . | . . . . . . Used . | . . . . . . Hacking Detections 3 | . 3 . . . . Full Trace Events 2 | . 2 . . . . Feedback Events 1 | . 1 . . . . Corruption 1 | . 1 . . . . Feedback Blocked . | . . . . . . Robot Schematics Acquired . | . . . . . . Robots Built . | . . . . . . Authchips . | . . . . . . Time . | . . . . . . Total Robot Build Rating . | . . . . . . Part Schematics Acquired . | . . . . . . Parts Built . | . . . . . . Authchips . | . . . . . . Time . | . . . . . . Total Part Build Rating . | . . . . . . Parts Repaired 2 | . 2 . . . . Time 52 | . 52 . . . . Parts Recycled . | . . . . . . Recycled Matter . | . . . . . . Retrieved Matter . | . . . . . . Retrieved Components . | . . . . . . Parts Scanalyzed . | . . . . . . Part Schematics Acquired . | . . . . . . Parts Damaged . | . . . . . . Bothacking | -11 -10 -10 -10 -9 -8 ------------ Run | Yrd Mat Min Exi Min Mat Used RIF Installer . | . . . . . . Robots Hacked 1 | . 1 . . . . Non-combat . | . . . . . . Combat 1 | . 1 . . . . Robot Hacks Applied 1 | . 1 . . . . parse_system 1 | . 1 . . . . Relay Couplers Released 3 | . . . . . 3 Machine Destruction 3 | . . . . . 3 Fabnet Peak Effective % . | . . . . . . Robots Rewired . | . . . . . . Allies Hacked . | . . . . . . Hacks Repelled . | . . . . . . Allies | -11 -10 -10 -10 -9 -8 -------- Run | Yrd Mat Min Exi Min Mat Total Allies . | . . . . . . Largest Group . | . . . . . . Highest-Rated Group . | . . . . . . Highest-Rated Ally . | . . . . . . Total Orders . | . . . . . . Ally Attacks . | . . . . . . Total Damage . | . . . . . . Kills . | . . . . . . Allies Corrupted . | . . . . . . Allies Melted . | . . . . . . Intel | -11 -10 -10 -10 -9 -8 ------- Run | Yrd Mat Min Exi Min Mat Robot Analysis Total . | . . . . . . Derelict Logs Recovered . | . . . . . . Drone Launches . | . . . . . . Drone Recoveries . | . . . . . . Exploration | -11 -10 -10 -10 -9 -8 ------------- Run | Yrd Mat Min Exi Min Mat Turns Passed 2452 | 154 298 18 1337 257 388 Spaces Moved 1411 | 152 153 13 747 149 197 Core 1099 | 142 153 13 747 2 42 Treads 191 | . . . . 147 44 Legs 2 | 2 . . . . . Wheels 119 | 8 . . . . 111 Hover . | . . . . . . Flight . | . . . . . . Fastest Speed 50 | 50 50 150 150 160 50 Average Speed 152 | 79 96 150 177 161 147 Slowest Speed 450 | 150 150 150 300 300 450 Overloaded Moves . | . . . . . . Propulsion Burnouts . | . . . . . . Robots Hopped . | . . . . . . Cave-ins Triggered . | . . . . . . Exploration Rate (%) 31 | 6 32 7 93 31 18 Regions Visited 5 Branch Regions 3 Pre-discovered Areas 1 | . . . 1 . . Known Exits Taken . | . . . . . . Unknown Exits Taken 5 | 1 1 1 1 1 . Scrap Searched 1 | . . . . 1 . Spaces Dug . | . . . . . . Terrain Destroyed 110 | . 3 . . . 107 Melee . | . . . . . . Projectile 11 | . . . . . 11 AOE 99 | . 3 . . . 96 Terrain Rammed . | . . . . . . Walls Destroyed . | . . . . . . Machines Disabled . | . . . . . . Actions | -11 -10 -10 -10 -9 -8 --------- Run | Yrd Mat Min Exi Min Mat Total 1643 | 182 276 12 758 158 257 Wait 69 | . 68 . . . 1 Move 1406 | 151 152 12 746 148 197 Hop . | . . . . . . Pick Up 28 | 6 10 . 3 2 7 Fast Attach 7 | 2 2 . 1 . 2 Attach 25 | 6 7 . 2 1 9 Detach 9 | 6 3 . . . . Swap . | . . . . . . Drop 14 | 4 3 . 5 . 2 Fire 79 | 7 30 . 1 6 35 Melee 1 | . 1 . . . . Ram 4 | . . . . . 4 Kick . | . . . . . . Crush 1 | . . . . 1 . Escape Stasis . | . . . . . . Rewire . | . . . . . . Trap . | . . . . . . Miscellaneous . | . . . . . . Route ------- -11/Scrapyard -10/Materials -10/Mines -10/Exiles (discovered 2 exits: [*Min x2]) -9/Mines -8/Materials (discovered 1 exit: [*Fac]) History --------- Turn | Location | Event 2 | -11/Scrapyard | Met Revision 17 103 | -11/Scrapyard | Discovered new exit (range 8) 155 | -11/Scrapyard | Entered Materials 269 | -10/Materials | Core integrity fell below 50% 300 | -10/Materials | Build established: Mutant 399 | -10/Materials | Repaired Assault Rifle 426 | -10/Materials | Repaired Ion Engine 443 | -10/Materials | Discovered new exit (range 8) 453 | -10/Materials | Entered Mines 465 | -10/Mines | Deemed a non-threat by the Exiles lab entrance 465 | -10/Mines | Discovered new exit (range 5) 471 | -10/Mines | Entered Exiles 505 | -10/Exiles | Discovered new exit (range 15) 532 | -10/Exiles | Met 8R-AWN 565 | -10/Exiles | Met EX-HEX 620 | -10/Exiles | Met EX-DEC 649 | -10/Exiles | Learned location of Zion (-7) 759 | -10/Exiles | Discovered new exit (range 14) 875 | -10/Exiles | Visited The Gauntlet 1161 | -10/Exiles | Met EX-BIN 1324 | -10/Exiles | Aligned with FarCom system 1326 | -10/Exiles | Given EX-Vault access code 1360 | -10/Exiles | Opened EX-Vault 1388 | -10/Exiles | Found Firepult 1390 | -10/Exiles | Found Gui. Plasma Cannon 1520 | -10/Exiles | Warned to stay clear of 0b10 Research branches 1808 | -10/Exiles | Stole two prototypes: Gui. Plasma Cannon, Firepult 1808 | -10/Exiles | Entered Mines 1891 | -9/Mines | Found a damaged Exp. Sensor Array with a note attached 1896 | -9/Mines | Found Prototype Device 2049 | -9/Mines | Discovered new exit (range 11) 2065 | -9/Mines | Entered Materials 2065 | -8/Materials | Evolved 4 slots: Utility x4 2077 | -8/Materials | Identified Exp. Sensor Array 2112 | -8/Materials | Build established: Scavenger-Skirmisher 2119 | -8/Materials | Garrison activated, responded to threat 2158 | -8/Materials | Core integrity fell below 50% 2171 | -8/Materials | Destroyed 7 combat bots 2215 | -8/Materials | Lost 5 parts (1p1n2u1w) 2337 | -8/Materials | Discovered new exit (range 18) 2382 | -8/Materials | Core integrity fell below 20% 2429 | -8/Materials | Lost 5 parts (1p1n2u1w) 2453 | -8/Materials | Destroyed by G-47 Trooper with Particle Gun Last Messages --------------- U-05 Engineer builds a Door. U-05 Engineer lays Concrete. U-05 Engineer builds a Wall. U-05 Engineer lays Concrete. U-05 Engineer builds a Wall. Slammed into U-05 Engineer. Destabilizing: Core damaged (-5). U-05 Engineer lays Concrete. Critical hit (Burn: +37). Destroyed Wheel. G-50 Soldier suffers critical hit (Burn). Particle Gun destroyed. Hacking Suite destroyed. Destroyed Hacking Suite. R-06 Scavenger sends out distress signal. G-47 Trooper destroyed. M-28 Smith destroyed. Particle Gun destroyed. G-50 Soldier destroyed. G-47 Trooper destroyed. Map ----- +----------------------------------------------------+ | ????????????? "?????????????? #???????????? | | ?????????????? ??????????????? #???????????? | | ?????????????? ???????????????? #???????????? | | ???????????####/#####??????????#### #???????????? | | ???????????# #??????????# # ##??????????? | | ???????????# """ #?????????## #%#####???????? | | ???????????# """ #?????????# #+##" ####????? | | ???????????# """ #??????????# =#%[ #????? | | ???????????# #??????????# #????? | | ???????????# ! #???????????# ###### | | ???????????# !!! #???????????### # | | ???????????# !!! ###########???# # | | ???????????# ## #???# ! # " | | ???????????########+## #???# % + " | | ??????????????##### ## = #???# ! %# " | | ??????????????+ # #???# [# | | ??????????????##### + #???###### ## | | ??????????????????# # %= #????????#### | | ??????????????????# # ########## ## | | ??????????????????# # + % | | ??????????????????# # #### #### % % | | ??????????????????# #" #"####??# #?## | | ??????????????????# #######?????# ## ####+## | | ???????????????#### #???##### ! ## ## | | ??????????????## ### % ## """ ! ## | | ????????# @ g= """ # | | ????????# Y ### % # "S # | | ????????+ ###### /###???# # """ # | | ????????????????? ??????? r "" + | | ????????????????"""??????? ## [ # | | ????????????????"Y???????? # ## # | | ?????????????????????????# #? ## # | | ?????????????????????????# #? ? ############ | | ?????????????????????????########? ?????????????? | | ?????????????????????????????????? ?????????????? | | ?????????????????????????????????? ?????????????? | | ?????????????????????????????????? ?????????????? | | ?????????????????????????????????? ?????????????? | | ??????????????????????????????????#?????????????? | | | | | | | | | | | | | | | | | | | | | | | +----------------------------------------------------+ Best States ------------- Heat Dissipation 31 Energy Generation 10 Energy Capacity 250 Matter Stores 300 Matter Capacity 300 Sight Range 20 Robot Scan Range 20 Terrain Scan Density 10 Weapon Shielding 66 Evasion (%) 50 Recoil Reduction 1 Particle Charging 15 Offensive Hacking 10 Item Schematics ----------------- None Robot Schematics ------------------ None Fabricated ------------ Nothing Alien Tech Used ----------------- None Achievements -------------- None Challenges ------------ None Game ------ Seed PrecisionHoverMeganuke Manual? 0 Play Time 00:30:26 Cumulative 16.5 hours Start 2024.02.27 @ 11:54:43 End 2024.02.28 @ 00:19:33 Sessions 3 Manual Loads 0 Difficulty Rogue Special Mode None Game No. 34 Rogue 21 Adventurer 13 Explorer 0 Win Type - Total 0 Types 0/0/0/0/0/0/0/0/0 Lore% 14 Gallery% 19 Achievement% 15 Wizard Run 0 Options --------- Layout 1 ASCII 0 Keyboard 0 Movement Mouse Keybinds 0 Fullscreen 2 Font 24/Smallcaps Map View 50x35 Zoom Use 0% Tactical HUD 0 Map Filters NONE Filters NONE Steam 1 RUN: 241e5fd9-a538-47d4-865f-8e29f6ac0d1a